 Dungeon Crawl Stone Soup version 0.31-a0-221-gbddc013574 (webtiles) character file.

Game seed: 14810667025065905912

235 qw the Chopper (level 6, -1/38 HPs)
             Began as a Gargoyle Fighter on July 4, 2023.
             Slain by a kobold
             ... wielding a +0 club
              (2 damage)
             ... on level 4 of the Dungeon.
             The game lasted 00:01:32 (2324 turns).

qw the Chopper (Gargoyle Fighter)                   Turns: 2324, Time: 00:01:33

Health: -1/38      AC: 13    Str: 21    XL:     6   Next: 6%
Magic:  0/6        EV:  9    Int:  9    God:
Gold:   134        SH:  0    Dex:  9    Spells: 5/5 levels left

rFire   . . .        Y - +0 war axe
rCold   . . .        c - +0 buckler
rNeg    + . .        b - +0 scale mail
rPois   inf          f - +0 helmet
rElec   +            a - +0 cloak
rCorr   .            (no gloves)
SInv    .            (no boots)
Will    .....        h - amulet of guardian spirit Stlth
                     (no ring)
HPRegen 0.26/turn    (no ring)
MPRegen 0.10/turn

%: guardian spirit
@: confused
A: sickness immunity, AC +4, negative energy resistance 1, electricity
resistance, torment resistance 1, petrification resistance
a: no special abilities


You were on level 4 of the Dungeon.
You visited 1 branch of the dungeon, and saw 4 of its levels.

You collected 134 gold pieces.


Innate Abilities, Weirdness & Mutations

You are immune to sickness and miasma.
Your stone body is resilient. (AC +4)
You are immune to poison.
You resist negative energy. (rN+)
You are resistant to electric shocks. (rElec)
You are resistant to unholy torment.
You are immune to petrification.


   Skills:
 + Level 3.6 Fighting
 - Level 5.4 Axes
 - Level 3.2 Armour
 - Level 3.2 Shields


You had 5 spell levels left.
You didn't know any spells.
Your spell library was empty.

Inventory:

Hand Weapons
 i - a +0 whip
 Y - a +0 war axe (weapon)
Armour
 a - a +0 cloak (worn)
 b - a +0 scale mail (worn)
 c - a +0 buckler (worn)
 f - a +0 helmet (worn)
Jewellery
 h - an amulet of guardian spirit (around neck)
Scrolls
 e - a scroll of teleportation
Potions
 d - a potion of might
 g - a potion of berserk rage {unknown}
 j - a potion of attraction
 k - a potion of heal wounds {unknown}

Dungeon Overview and Level Annotations

Branches:
Dungeon (4/15)
 Temple: D:4-7

Altars:

Annotations:
D:3 1 runed translucent door, Crazy Yiuf


Message History

A magic dart appears from out of thin air!
The magic dart hits you. The black bear barely misses you.
The black bear claws you but does no damage. x2
The gnoll is no longer moving quickly.
The gnoll hits you from afar with a +0 spear.
The worm bites you but does no damage.
A hobgoblin comes into view.
Something hits you but does no damage. x2; The black bear bites you.
The black bear barely misses you.
The black bear claws you but does no damage.
The gnoll bouda gazes fiercely through you!
You feel your attacks grow feeble.
The gnoll bouda hits you but does no damage.
The gnoll barely misses you. The black bear bites you.
The black bear claws you but does no damage. x2
Something hits you. Something hits you but does no damage.
The kobold throws a stone.
The stone misses you.
The gnoll bouda hits you but does no damage.
The worm bites you.
The gnoll is no longer moving quickly.
The gnoll barely misses you. Something hits you but does no damage.
The gnoll bouda barks out a call to the hunt!
The gnolls pick up the pace!
Something hits you but does no damage. The black bear bites you.
The black bear barely misses you.
The black bear claws you but does no damage.
You feel less confused.
Your attacks no longer feel as feeble.
The gnoll hits you from afar with a +0 spear.
The worm barely misses you.
You hear some strange, mumbled words.
You are confused.
Something hits you. The kobold hits you but does no damage.
The black bear bites you. The black bear barely misses you. x2
The gnoll bouda hits you but does no damage.
The gnoll hits you from afar with a +0 spear.
The black bear misses you. The black bear claws you.
The black bear claws you but does no damage.
The gnoll bouda hits you with a +0 whip.
Something hits you but does no damage. x2; The kobold hits you with a +0 club.
You die...

......# #...).#
...g...##.......
..............#
..............#
........g.....#
.......#g....#
......g#hw...#
......gg@K...#
......g{{.......
......wo##......
.###...## ...#.#
..... #....
...... ##..
....$.. .
.......


You could see a black bear, a gnoll bouda, a worm, 2 gnolls, a dart slug, an
orc, 2 hobgoblins, a goblin and a kobold.

Vanquished Creatures
  A scorpion (D:3)
  Jessica (D:2)
  Robin (D:3)
  A gnoll (D:4)
  4 adders
  2 worms (D:2)
  A dart slug (D:3)
  An orc (D:4)
  7 ball pythons
  10 endoplasms
  2 giant cockroaches
  20 goblins
  7 hobgoblins
  4 kobolds
  2 quokkas
  4 bats
  3 frilled lizards
  10 rats
81 creatures vanquished.

Notes
Turn   | Place    | Note
-------+----------+-------------------------------------------
     0 | D:1      | qw the Gargoyle Fighter began the quest for the Orb.
     0 | D:1      | Reached XP level 1. HP: 14/14 MP: 1/1
     0 | D:1      | 0 ||| qw: Version: 0.3-a-41-g9d075ac
     0 | D:1      | 0 ||| qw: Game counter: 718
     0 | D:1      | 0 ||| qw: Melee chars always use a shield: true
     0 | D:1      | 0 ||| qw: God list: Okawaru
     0 | D:1      | 0 ||| qw: Allow faded altars: false
     0 | D:1      | 0 ||| qw: Do Orc after clearing Dungeon:15 true
     0 | D:1      | 0 ||| qw: Do second Lair branch before Depths: true
     0 | D:1      | 0 ||| qw: Lair rune preference: random
     0 | D:1      | 0 ||| qw: Goals: Normal, Zot:1-4, Slime:5, God:TSO, Crypt,
                  | Tomb, Abyss, Pan, Hells, Win
     0 | D:1      | 0 ||| PLANNING D:1-11
   102 | D:1      | 102 ||| Stepping ~*~*~tactically~*~*~ (stealth).
   104 | D:1      | Reached skill level 2 in Axes
   202 | D:1      | Reached XP level 2. HP: 5/19 MP: 2/2
   209 | D:1      | 209 ||| FLEEEEING.
   210 | D:1      | 210 ||| FLEEEEING.
   211 | D:1      | 211 ||| FLEEEEING.
   216 | D:1      | 216 ||| FLEEEEING.
   217 | D:1      | 217 ||| FLEEEEING.
   218 | D:1      | 218 ||| FLEEEEING.
   219 | D:1      | 219 ||| FLEEEEING.
   220 | D:1      | 220 ||| FLEEEEING.
   221 | D:1      | 221 ||| FLEEEEING.
   222 | D:1      | 222 ||| FLEEEEING.
   223 | D:1      | 223 ||| FLEEEEING.
   224 | D:1      | 224 ||| FLEEEEING.
   225 | D:1      | 225 ||| FLEEEEING.
   226 | D:1      | 226 ||| FLEEEEING.
   233 | D:1      | 233 ||| FLEEEEING.
   234 | D:1      | 234 ||| FLEEEEING.
   237 | D:1      | 237 ||| FLEEEEING.
   238 | D:1      | 238 ||| FLEEEEING.
   239 | D:1      | 239 ||| FLEEEEING.
   240 | D:1      | 240 ||| FLEEEEING.
   244 | D:1      | 244 ||| FLEEEEING.
   245 | D:1      | 245 ||| FLEEEEING.
   246 | D:1      | 246 ||| FLEEEEING.
   452 | D:1      | Reached skill level 3 in Axes
   456 | D:1      | 456 ||| Stepping ~*~*~tactically~*~*~ (stealth).
   510 | D:1      | 510 ||| Stepping ~*~*~tactically~*~*~ (hiding).
   517 | D:1      | Reached XP level 3. HP: 23/23 MP: 3/3
   650 | D:1      | Found a faded altar of an unknown god.
   997 | D:1      | 997 ||| READING scroll labelled NINIPL UMAA.
   998 | D:1      | 998 ||| READING scroll labelled TOENO DEKIPE.
   999 | D:1      | 999 ||| READING scroll labelled FIZONTIGEMN.
  1000 | D:1      | 1000 ||| READING scroll labelled HIUCEGIENO.
  1003 | D:1      | 1003 ||| DRINKING 2 amethyst potions.
  1120 | D:2      | Noticed Jessica
  1121 | D:2      | 1121 ||| Stepping ~*~*~tactically~*~*~ (stealth).
  1122 | D:2      | 1122 ||| Stepping ~*~*~tactically~*~*~ (stealth).
  1124 | D:2      | 1124 ||| Stepping ~*~*~tactically~*~*~ (hiding).
  1133 | D:2      | Killed Jessica
  1134 | D:2      | Reached XP level 4. HP: 22/28 MP: 4/4
  1205 | D:2      | Reached skill level 4 in Axes
  1491 | D:2      | 1491 ||| Stepping ~*~*~tactically~*~*~ (hiding).
  1494 | D:2      | 1494 ||| Stepping ~*~*~tactically~*~*~ (hiding).
  1605 | D:2      | 1605 ||| DROPPING +0 club.
  1704 | D:2      | 1704 ||| Stepping ~*~*~tactically~*~*~ (stealth).
  1706 | D:2      | 1706 ||| Stepping ~*~*~tactically~*~*~ (stealth).
  1736 | D:2      | 1736 ||| UPGRADING to +0 cloak.
  1741 | D:2      | 1741 ||| UPGRADING to amulet of guardian spirit.
  1746 | D:2      | 1746 ||| READING scroll labelled OMEQUHIWKA.
  1875 | D:3      | Reached XP level 5. HP: 28/32 MP: 5/5
  1980 | D:3      | 1980 ||| Stepping ~*~*~tactically~*~*~ (stealth).
  1982 | D:3      | 1982 ||| Stepping ~*~*~tactically~*~*~ (stealth).
  1989 | D:3      | Noticed Robin
  1999 | D:3      | Killed Robin
  2115 | D:3      | Reached skill level 5 in Axes
  2162 | D:3      | Found a runed translucent door.
  2163 | D:3      | Noticed Crazy Yiuf
  2280 | D:3      | 2280 ||| UPGRADING to +0 helmet.
  2308 | D:4      | Noticed a black bear
  2309 | D:4      | 2309 ||| PLANNING SEWER
  2315 | D:4      | Reached XP level 6. HP: 32/37 MP: 6/6
  2323 | D:4      | HP: 8/38 [gnoll/+0 spear[a gnoll bouda] (4)]
  2324 | D:4      | HP: 2/38 [black bear (2)]
  2324 | D:4      | Slain by a kobold

Levels and vault maps discovered:
D:1:      dpeg_arrival_tiny_b, layout_loops_ring,
          hellmonk_ecumenical_altar_slurped_away, corexii_hall_statues_x,
          chequers_serial_rivers_micro_c
D:2:      layout_rooms, uniq_jessica
D:3:      layout_rooms, nrook_mini_vaults, minmay_gold_behind_fungi,
          uniq_crazy_yiuf_cottage, uniq_robin
D:4:      layout_rooms, nicolae_overflow_hidden_temple, gup_sewer_entry_pipe,
          uniq_blork_the_orc

Skill      XL: |  1  2  3  4  5 |
---------------+----------------+-----
Axes           | 2 3 4 5 |  5.4
Fighting       | |  3.6
Armour         | |  3.2
Shields        | |  3.2

Action                     |  1- 3 |  4- 6 || total
---------------------------+-------+-------++-------
  Melee: War axe           |    93 |   129 ||   222
    Use: Scroll            |     4 |     1 ||     5
         Potion            |     1 |       ||     1
 Armour: Scale mail        |    34 |   108 ||   142
  Dodge: Dodged            |    33 |    85 ||   118
  Block: Buckler           |    13 |    35 ||    48

Table legend:
 A = Non-vault XP
 B = Vault XP
 C = Vault XP percentage of total XP
 D = Non-vault monster count
 E = Vault monster count
 F = Vault count percentage of total count
                 A         B        C        D         E       F
            +---------+---------+-------+---------+---------+-------
      Total |     261 |      76 |  22.6 |      66 |      15 |  18.5
            +---------+---------+-------+---------+---------+-------
        D:1 |      43 |       2 |   4.4 |      25 |       1 |   3.8
        D:2 |      54 |      37 |  40.7 |      23 |       1 |   4.2
        D:3 |     145 |      37 |  20.3 |      15 |      13 |  46.4
        D:4 |      19 |       0 |   0.0 |       3 |       0 |   0.0
            +---------+---------+-------+---------+---------+-------
